 Dungeon Crawl Stone Soup version 0.30.1-4-g462c640d31 (webtiles) character file.

Game seed: 13152196414916121652

421 Babbit the Vexing (level 6, -2/47 HPs)
             Began as a Gnoll Hexslinger on Sept 18, 2023.
             Slain by a water moccasin (8 damage)
             ... on level 5 of the Dungeon on Sept 19, 2023.
             The game lasted 00:22:13 (3522 turns).

Babbit the Vexing (Gnoll Hexslinger)                Turns: 3522, Time: 00:22:13

Health: -2/47      AC:  3    Str:  9    XL:     6   Next: 94%
Magic:  11/11      EV: 14    Int: 19    God:
Gold:   149        SH:  5    Dex: 14    Spells: 11/12 levels left

rFire   . . .        a - +1 sling
rCold   . . .        (no shield)
rNeg    . . .        c - +0 robe
rPois   .            (no helmet)
rElec   .            p - +0 cloak
rCorr   .            (no gloves)
SInv    .            (no boots)
Will    .....        e - amulet of reflection
Stlth   ++           g - +6 ring of intelligence
HPRegen 0.27/turn    (no ring)
MPRegen 0.12/turn

%: reflection
@: lethally poisoned (-2 -> -3)
A: fangs 1, strong nose, distributed training
a: no special abilities


You were on level 5 of the Dungeon.
You visited 1 branch of the dungeon, and saw 5 of its levels.
You also visited: Ossuary.

You collected 149 gold pieces.

Inventory:

Hand Weapons
 a - a +1 sling (weapon)
Armour
 c - a +0 robe (worn)
 p - a +0 cloak (worn)
Magical Staves
 i - the staff of cold "Qousats" {rPois rF+ rC+ Int+2}
   (You found it on level 3 of the Dungeon)

   [staff of cold]

   Base accuracy: +5 Base damage: 5 Base attack delay: 1.2 This weapon's minimum
   attack delay (0.6) is reached at skill level 12.
   Int:       It affects your intelligence (+2).
   rF:        It protects you from fire.
   rC:        It protects you from cold.
   rPois:     It protects you from poison.
   It falls into the 'Staves' category.
   It is a one-handed weapon.
Jewellery
 e - an amulet of reflection (around neck)
 g - a +6 ring of intelligence (left hand)
Wands
 n - a wand of paralysis (4)
Scrolls
 b - 2 scrolls of poison
 f - 3 scrolls of blinking
 k - a scroll of silence
 m - a scroll of teleportation {unknown}
 o - a scroll of noise {unknown}
 q - 2 scrolls of vulnerability {unknown}
Potions
 d - a potion of lignification {unknown}
 h - 3 potions of heal wounds
 j - 2 potions of haste
 l - a potion of resistance


   Skills:
 + Level 3.4 Fighting
 + Level 2.2 Short Blades
 + Level 2.2 Long Blades
 + Level 2.2 Axes
 + Level 2.2 Maces & Flails
 + Level 2.2 Polearms
 + Level 2.2 Staves
 + Level 5.1 Ranged Weapons
 + Level 2.2 Throwing
 + Level 2.2 Armour
 + Level 5.1 Dodging
 + Level 2.2 Stealth
 + Level 2.2 Shields
 + Level 2.2 Unarmed Combat
 + Level 3.6 Spellcasting
 + Level 1.8 Conjurations
 + Level 5.7 Hexes
 + Level 1.8 Summonings
 + Level 1.8 Necromancy
 + Level 1.8 Translocations
 + Level 1.8 Transmutations
 + Level 1.8 Fire Magic
 + Level 1.8 Ice Magic
 + Level 1.8 Air Magic
 + Level 1.8 Earth Magic
 + Level 1.8 Poison Magic
 + Level 2.5 Invocations
 + Level 2.2 Evocations


You had 11 spell levels left.
You knew the following spells:

 Your Spells              Type           Power      Damage    Failure   Level
a - Slow                  Hex            100%       N/A       1%          1

Your spell library contained the following spells:

 Spells                   Type           Power      Damage    Failure   Level
 Inner Flame              Hex/Fire       18%        N/A       9%          3
 Portal Projectile        Hex/Tloc       36%        N/A       9%          3
 Cause Fear               Hex            12%        N/A       13%         4
 Summon Forest            Summ/Tloc      5%         N/A       88%         5
 Eringya's Noxious Bog    Tmut/Pois      5%         N/A       100%        6
 Summon Hydra             Summ           5%         N/A       100%        7


Dungeon Overview and Level Annotations

Branches:
Dungeon (5/15)            Ossuary (visited)
 Temple: D:4-7

Altars:
Dithmenos
Makhleb
Yredelemnul


Innate Abilities, Weirdness & Mutations

You have very sharp teeth.
Your uncanny sense of smell can sniff out nearby items.
Your experience applies equally to all skills.


Message History

The water moccasin is moderately wounded.
You feel sick. The water moccasin misses you.
You block the water moccasin's attack.
You shoot a sling bullet.
The sling bullet misses the water moccasin.
You feel sick. You block the water moccasin's attack.
You feel much better.
You feel sick. The water moccasin bites you. x2
You are more poisoned.
The water moccasin poisons you!
You shoot a sling bullet.
The sling bullet hits the water moccasin.
The water moccasin is heavily wounded.
You feel very sick. The water moccasin closely misses you.
You shoot a sling bullet.
The sling bullet hits the water moccasin!
The water moccasin is severely wounded.
You feel very sick. The water moccasin barely misses you.
You block the water moccasin's attack.
You shoot a sling bullet.
The sling bullet hits the water moccasin.
The water moccasin is almost dead.
You feel sick.
You block the water moccasin's attack. x2
You shoot a sling bullet.
The sling bullet misses the water moccasin.
You feel sick.
The water moccasin bites you but does no damage.
You shoot a sling bullet.
The sling bullet misses the water moccasin.
You feel sick. The water moccasin bites you.
* * * LOW HITPOINT WARNING * * *
The water moccasin misses you.
You shoot a sling bullet.
The sling bullet completely misses the water moccasin.
You feel sick.
The water moccasin bites you but does no damage.
You shoot a sling bullet.
The sling bullet closely misses the water moccasin.
You feel sick. The water moccasin bites you!
You die...

#### .... .....
. ..... ...
......
....#####......
#..........#
#.....S@...+
+......)...#
#..........#
##+#########


You could see a water moccasin.

Vanquished Creatures
  A centaur zombie (Ossuary)
  3 human zombies (Ossuary)
  A jelly (D:3)
  A sleepcap (D:4)
  A hound zombie (D:3)
  3 mummies
  2 gnolls
  6 adders
  2 adder zombies (Ossuary)
  A worm (D:2)
  A dart slug (D:2)
  2 orcs (D:3)
  8 bats
  4 endoplasms
  6 giant cockroaches
  7 goblins
  3 hobgoblins
  6 jackals (D:2)
  9 kobolds
  4 quokkas
  6 ball pythons
  2 ball python zombies (D:3)
  2 goblin zombies (Ossuary)
  10 hobgoblin zombies (Ossuary)
  2 jackal zombies (Ossuary)
  8 kobold zombies (Ossuary)
  8 orc zombies (Ossuary)
  2 rats
  A rat zombie (Ossuary)
112 creatures vanquished.

Notes
Turn   | Place    | Note
-------+----------+-------------------------------------------
     0 | D:1      | Babbit the Gnoll Hexslinger began the quest for the Orb.
     0 | D:1      | Reached XP level 1. HP: 17/17 MP: 4/4
   145 | D:1      | Reached XP level 2. HP: 23/23 MP: 5/5
   506 | D:2      | Reached XP level 3. HP: 20/28 MP: 7/7
   585 | D:2      | Reached skill level 1 in Invocations
   834 | D:2      | Reached skill level 1 in Short Blades
   834 | D:2      | Reached skill level 1 in Long Blades
   834 | D:2      | Reached skill level 1 in Axes
   834 | D:2      | Reached skill level 1 in Maces & Flails
   834 | D:2      | Reached skill level 1 in Polearms
   834 | D:2      | Reached skill level 1 in Staves
   834 | D:2      | Reached skill level 1 in Throwing
   834 | D:2      | Reached skill level 1 in Armour
   834 | D:2      | Reached skill level 1 in Stealth
   834 | D:2      | Reached skill level 1 in Shields
   834 | D:2      | Reached skill level 1 in Unarmed Combat
   834 | D:2      | Reached skill level 1 in Evocations
   925 | D:2      | Reached XP level 4. HP: 9/34 MP: 8/8
  1190 | D:2      | Reached skill level 1 in Conjurations
  1190 | D:2      | Reached skill level 1 in Summonings
  1190 | D:2      | Reached skill level 1 in Necromancy
  1190 | D:2      | Reached skill level 1 in Translocations
  1190 | D:2      | Reached skill level 1 in Transmutations
  1190 | D:2      | Reached skill level 1 in Fire Magic
  1190 | D:2      | Reached skill level 1 in Ice Magic
  1190 | D:2      | Reached skill level 1 in Air Magic
  1190 | D:2      | Reached skill level 1 in Earth Magic
  1190 | D:2      | Reached skill level 1 in Poison Magic
  1261 | D:2      | Found a faded altar of an unknown god.
  1761 | D:3      | Reached XP level 5. HP: 40/40 MP: 9/9
  1782 | D:3      | Found a burning altar of Makhleb.
  1938 | D:3      | Found a basalt altar of Yredelemnul.
  2066 | D:3      | Identified the staff of cold "Qousats" {rPois rF+ rC+
                  | Int+2}
  2701 | D:4      | Found a shadowy altar of Dithmenos.
  2719 | D:4      | Found a sand-covered staircase.
  2737 | Ossuary  | Entered an ossuary
  2817 | Ossuary  | Reached XP level 6. HP: 47/47 MP: 11/11
  3112 | Ossuary  | Reached skill level 5 in Ranged Weapons
  3112 | Ossuary  | Reached skill level 5 in Dodging
  3496 | D:5      | Entered Level 5 of the Dungeon
  3496 | D:5      | Noticed a water moccasin
  3522 | D:5      | Slain by a water moccasin

Illustrated notes

Levels and vault maps discovered:
D:1:      psy_arrival_statuary, layout_rooms
D:2:      minmay_evil_eye, layout_basic, hellmonk_ecumenical_altar_arch_garden
D:3:      layout_basic, nicolae_yredelemnul_corpse_copse, bloody_makhleb,
          minmay_fractal_squares_gapless_5
D:4:      layout_rooms, mainiacjoe_overflow_chevrons,
          minmay_temple_entry_drinking_statues, gup_ossuary_entry_pyramid,
          serial_shops, shop, dreamdust_princess_corridor
D:5:      layout_gridville

Skill      XL: |  1  2  3  4  5  6 |
---------------+-------------------+-----
Invocations    | 1 2 |  2.5
Short Blades   | 1 2 |  2.2
Long Blades    | 1 2 |  2.2
Axes           | 1 2 |  2.2
Maces & Flails | 1 2 |  2.2
Polearms       | 1 2 |  2.2
Staves         | 1 2 |  2.2
Throwing       | 1 2 |  2.2
Armour         | 1 2 |  2.2
Stealth        | 1 2 |  2.2
Shields        | 1 2 |  2.2
Unarmed Combat | 1 2 |  2.2
Evocations     | 1 2 |  2.2
Spellcasting   | 3 |  3.6
Conjurations   | 1 |  1.8
Summonings     | 1 |  1.8
Necromancy     | 1 |  1.8
Translocations | 1 |  1.8
Transmutations | 1 |  1.8
Fire Magic     | 1 |  1.8
Ice Magic      | 1 |  1.8
Air Magic      | 1 |  1.8
Earth Magic    | 1 |  1.8
Poison Magic   | 1 |  1.8
Fighting       | 3 |  3.4
Ranged Weapons | 5 |  5.1
Dodging        | 5 |  5.1
Hexes          | |  5.7

Action                     |  1- 3 |  4- 6 || total
---------------------------+-------+-------++-------
   Fire: Sling             |   131 |   357 ||   488
   Cast: Slow              |       |    17 ||    17
    Use: Scroll            |       |    10 ||    10
         Potion            |       |     6 ||     6
 Armour: Robe              |    16 |    20 ||    36
  Dodge: Dodged            |    54 |   121 ||   175
  Block: Other             |       |    44 ||    44
